 Dungeon Crawl Stone Soup version 0.28.0-43-g3370ac3207 (webtiles) character file.

Game seed: 8095885326307680224

68 jjjjhere the Cudgeller (level 4, 0/41 HPs)
             Began as a Gnoll Chaos Knight on Mar 12, 2022.
             Was a Plaything of Xom.
             Killed from afar by a white imp (6 damage)
             ... with a puff of frost
             ... summoned by Xom
             ... on level 3 of the Dungeon.
             The game lasted 00:02:11 (1682 turns).

jjjjhere the Cudgeller (Gnoll Chaos Knight)         Turns: 1682, Time: 00:02:12

Health: 0/41       AC:  5    Str: 16    XL:     4   Next: 19%
Magic:  5/5        EV: 12    Int:  7    God:    Xom [......]
Gold:   47         SH:  0    Dex:  9    Spells: 5/5 levels left

rFire   . . .      SeeInvis .   a - +0 mace (chaos)
rCold   . . .      Faith    .   (no shield)
rNeg    + . .      Spirit   .   b - +2 leather armour
rPois   .          Reflect  .   (no helmet)
rElec   .          Harm     .   (no cloak)
rCorr   .          Rampage  .   (no gloves)
Will    .....                   (no boots)
Stlth   ++........              (no amulet)
HPRegen 0.13/turn               d - ring of positive energy
MPRegen 0.09/turn               (no ring)

@: no status effects
A: fangs 1, strong nose, distributed training, camouflage 1, clumsy 1, dopey 2,
mutation resistance 1, strong 1
a: Renounce Religion


You were on level 3 of the Dungeon.
You worshipped Xom.
You were a very special plaything of Xom.
You visited 1 branch of the dungeon, and saw 3 of its levels.

You collected 47 gold pieces.

Inventory:

Hand Weapons
 a - a +0 mace of chaos (weapon)
 l - a +0 morningstar of draining
Missiles
 g - 4 poisoned darts (quivered)
Armour
 b - a +2 leather armour (worn)
Jewellery
 d - a ring of positive energy (left hand)
Wands
 k - a wand of iceblast (12)
Scrolls
 c - a scroll of immolation {unknown}
 f - 2 scrolls of teleportation {unknown}
 i - a scroll of enchant weapon {unknown}
 j - 3 scrolls of identify {unknown}
 o - a scroll of fog {unknown}
 p - a scroll of vulnerability {unknown}
Potions
 e - a potion of attraction {unknown}
 h - a potion of lignification {unknown}
 m - a potion of haste {unknown}
 n - a potion of cancellation {unknown}


   Skills:
 + Level 6.6 Fighting
 + Level 1.0 Short Blades
 + Level 1.0 Long Blades
 + Level 1.0 Axes
 + Level 6.6 Maces & Flails
 + Level 1.0 Polearms
 + Level 1.0 Staves
 + Level 1.0 Slings
 + Level 1.0 Bows
 + Level 1.0 Crossbows
 + Level 1.0 Throwing
 + Level 4.6 Armour
 + Level 2.7 Dodging
 + Level 1.0 Stealth
 + Level 1.0 Shields
 + Level 1.0 Unarmed Combat
 + Level 1.0 Spellcasting
 + Level 0.8 Conjurations
 + Level 0.8 Hexes
 + Level 0.8 Summonings
 + Level 0.8 Necromancy
 + Level 0.8 Translocations
 + Level 0.8 Transmutations
 + Level 0.8 Fire Magic
 + Level 0.8 Ice Magic
 + Level 0.8 Air Magic
 + Level 0.8 Earth Magic
 + Level 0.8 Poison Magic
 + Level 1.1 Invocations
 + Level 1.0 Evocations


You had 5 spell levels left.
You didn't know any spells.
Your spell library contained the following spells:

 Spells                   Type           Power      Damage    Failure   Level
 Shock                    Conj/Air       4%         1d3       34%         1
 Ensorcelled Hibernation  Hex/Ice        2%         N/A       47%         2
 Spider Form              Tmut/Pois      1%         N/A       71%         3
 Anguish                  Hex/Necr       0%         N/A       98%         4


Dungeon Overview and Level Annotations

Branches:
Dungeon (3/15)

Altars:


Innate Abilities, Weirdness & Mutations

You have very sharp teeth.
Your uncanny sense of smell can sniff out nearby items.
Your experience applies equally to all skills.
Your skin changes colour to match your surroundings (Stealth+).
You are clumsy. (Dex -2)
You are very dopey. (Int -4)
You are somewhat resistant to further mutation.
Your muscles are strong. (Str +2)


Message History

The gnoll barely misses you.
The gnoll hits you from afar with a +0 spear.
* * * LOW HITPOINT WARNING * * *
The gnoll closely misses you.
The gnoll looks more healthy. "Where it stops, nobody knows!"
Your surroundings suddenly seem different.
A quokka comes into view.
Found 7 gold pieces.
Your surroundings suddenly seem different.
Found a scroll labelled AHOC KI JOFU and a spear.
Your surroundings suddenly seem different.
The quokka moves out of view.
Unknown command.
You start resting.
You hear Xom's maniacal laughter.
The orange demon barely misses you.
The white imp hits you but does no damage.
You barely miss the white imp.
The orange demon stings you but does no damage.
The white imp gestures at you. The puff of frost hits you!
The shadow imp misses you. The white imp closely misses you.
A frilled lizard comes into view.
Found 15 arrows.
The white imp gestures at you. The puff of frost hits you!
* * * LOW HITPOINT WARNING * * *
The frilled lizard hisses angrily.
You barely miss the frilled lizard. Your bite misses the frilled lizard.
The white imp summons a swarm of flies.
The white imp gestures at you. The puff of frost hits you.
* * * LOW HITPOINT WARNING * * *
The frilled lizard closely misses you.
You closely miss the frilled lizard. The frilled lizard closely misses you.
The white imp gestures at you. The puff of frost hits you.
You die... "It was about time."

#.. #.?##.# #.#
##.. ######.#
#.## #45....# #.#
#.####4# #.#
#########.## #5##
#).
#.......45.###.5#
..#
#..........+....#
#..........###.@#
############ ##l#
#.. ###. ##


You could see an orange demon (summoned), a white imp (summoned), a shadow imp
(summoned) and a frilled lizard.

Vanquished Creatures
  2 adders
  A worm (D:2)
  3 ball pythons
  8 bats
  4 endoplasms
  A giant cockroach (D:1)
  2 hobgoblins (D:1)
  2 jackals (D:1)
  3 quokkas
  4 frilled lizards
  6 goblins
  3 kobolds
  3 rats (D:1)
42 creatures vanquished.

Vanquished Creatures (others)
  A fungus (D:1)
1 creature vanquished.

Grand Total: 43 creatures vanquished

Notes
Turn   | Place    | Note
-------+----------+-------------------------------------------
     0 | D:1      | jjjjhere the Gnoll Chaos Knight began the quest for the
                  | Orb.
     0 | D:1      | Reached XP level 1. HP: 23/23 MP: 1/1
     6 | D:1      | XOM: silly message
    77 | D:1      | Reached XP level 2. HP: 25/29 MP: 2/2
   253 | D:1      | XOM: give mutations
   253 | D:1      | Gained mutation: You are clumsy. (Dex -2) [Xom's mischief]
   253 | D:1      | Gained mutation: You are robust. (+10% HP) [Xom's mischief]
   253 | D:1      | Lost mutation: You are robust. (+10% HP) [Xom's mischief]
   253 | D:1      | Gained mutation: Armour fits poorly on your strangely
                  | shaped body. [Xom's mischief]
   340 | D:1      | XOM: give mutations
   340 | D:1      | Gained mutation: Your skin changes colour to match your
                  | surroundings (Stealth+). [Xom's grace]
   340 | D:1      | Gained mutation: You are somewhat resistant to further
                  | mutation. [Xom's grace]
   340 | D:1      | Gained mutation: Your muscles are strong. (Str +2) [Xom's
                  | grace]
   531 | D:1      | Found a faded altar of an unknown god.
   543 | D:1      | Got Plato's Disquisition on Lethal Weightlessness
   675 | D:1      | Reached XP level 3. HP: 35/35 MP: 3/3
   758 | D:1      | XOM: god gift: scarf of harm
  1031 | D:2      | Reached skill level 1 in Invocations
  1097 | D:2      | Reached skill level 1 in Short Blades
  1097 | D:2      | Reached skill level 1 in Long Blades
  1097 | D:2      | Reached skill level 1 in Axes
  1097 | D:2      | Reached skill level 1 in Polearms
  1097 | D:2      | Reached skill level 1 in Staves
  1097 | D:2      | Reached skill level 1 in Slings
  1097 | D:2      | Reached skill level 1 in Bows
  1097 | D:2      | Reached skill level 1 in Crossbows
  1097 | D:2      | Reached skill level 1 in Throwing
  1097 | D:2      | Reached skill level 1 in Stealth
  1097 | D:2      | Reached skill level 1 in Shields
  1097 | D:2      | Reached skill level 1 in Unarmed Combat
  1097 | D:2      | Reached skill level 1 in Spellcasting
  1097 | D:2      | Reached skill level 1 in Evocations
  1256 | D:2      | XOM: scenery: summon butterflies
  1301 | D:2      | Reached XP level 4. HP: 41/41 MP: 5/5
  1390 | D:2      | XOM: give mutations
  1390 | D:2      | Lost mutation: Armour fits poorly on your strangely shaped
                  | body. [Xom's mischief]
  1390 | D:2      | Gained mutation: You are dopey. (Int -2) [Xom's mischief]
  1390 | D:2      | Gained mutation: You are very dopey. (Int -4) [Xom's
                  | mischief]
  1550 | D:3      | HP: 12/41 [gnoll/+0 spear (2)]
  1553 | D:3      | XOM: 3-stop teleportation journey
  1667 | D:3      | XOM: summons 3 hostile demons
  1668 | D:3      | Noticed an orange demon
  1678 | D:3      | HP: 10/41 [white imp/puff of frost[Xom] (8)]
  1682 | D:3      | Killed from afar by a white imp

Illustrated notes

Levels and vault maps discovered:
D:1:      elethiomel_arrival_shortcut, layout_basic,
          shapermc_ecumenical_altar_rom_forum, minmay_hexomino_f4
D:2:      layout_basic, lightli_corner_chamber
D:3:      layout_basic, mainiacjoe_overflow_surrounded_room,
          mainiacjoe_overflow_big_doors, minmay_misc_feat_diagonals,
          uniq_natasha, uniq_terence

Skill      XL: |  1  2  3 |
---------------+----------+-----
Invocations    | 1 |  1.1
Short Blades   | 1 |  1.0
Long Blades    | 1 |  1.0
Axes           | 1 |  1.0
Polearms       | 1 |  1.0
Staves         | 1 |  1.0
Slings         | 1 |  1.0
Bows           | 1 |  1.0
Crossbows      | 1 |  1.0
Throwing       | 1 |  1.0
Stealth        | 1 |  1.0
Shields        | 1 |  1.0
Unarmed Combat | 1 |  1.0
Spellcasting   | 1 |  1.0
Evocations     | 1 |  1.0
Fighting       | |  6.6
Maces & Flails | |  6.6
Armour         | |  4.6
Dodging        | |  2.7
Conjurations   | |  0.8
Hexes          | |  0.8
Summonings     | |  0.8
Necromancy     | |  0.8
Translocations | |  0.8
Transmutations | |  0.8
Fire Magic     | |  0.8
Ice Magic      | |  0.8
Air Magic      | |  0.8
Earth Magic    | |  0.8
Poison Magic   | |  0.8

Action                   |  1- 3 |  4- 6 || total
-------------------------+-------+-------++-------
Melee: Mace              |    88 |    12 ||   100
       Bite              |     3 |       ||     3
       Punch             |     2 |       ||     2
Throw: Dart              |       |     2 ||     2
 Stab: Sleeping          |     5 |       ||     5
Armor: Leather armour    |    30 |     5 ||    35
Dodge: Dodged            |    58 |    12 ||    70
